 Dungeon Crawl Stone Soup version 0.31-a0-691-g409c26aa35 (webtiles) character file.

Game seed: 7384686469280939441

2840 Shayle the Mimic (level 9, -1/76 HPs)
             Began as an Ogre Shapeshifter on Sept 6, 2023.
             Was a Believer of Kikubaaqudgha.
             Slain by a sun demon (8 damage)
             ... summoned by a kobold demonologist
             ... on level 7 of the Dungeon.
             The game lasted 00:22:44 (9025 turns).

Shayle the Mimic (Ogre Shapeshifter)                Turns: 9025, Time: 00:22:45

Health: -1/76      AC:  7    Str: 16 (18) XL:     9   Next: 74%
Magic:  11/11      EV:  9    Int: 12 (15) God:    Kikubaaqudgha [**....]
Gold:   187        SH:  5    Dex:  8      Spells: 10/10 levels left

rFire   + . .        n - melded +2 dagger (venom)
rCold   . . .        (shield currently unavailable)
rNeg    . . .        x - +0 acid dragon scales
rPois   .            (helmet restricted)
rElec   .            (no cloak)
rCorr   +            (gloves unavailable)
SInv    .            (boots unavailable)
Will    +....        v - amulet "Tutemin" {Reflect Fly Will+ rCorr SH+5}
Stlth   +            (no ring)
HPRegen 0.32/turn    (no ring)
MPRegen 0.12/turn

%: reflection
@: flux-form, flying, glowing
A: glow, contaminating, large, unfitting armour, tough skin 1, fire resistance
1, weak 1
a: Begin Untransformation, Renounce Religion, Unearth Wretches


You were on level 7 of the Dungeon.
You worshipped Kikubaaqudgha.
Kikubaaqudgha was pleased with you.
You were something dangerously unstable.
You visited 1 branch of the dungeon, and saw 7 of its levels.
You also visited: Sewer.

You collected 187 gold pieces.

Inventory:

Hand Weapons
 b - a +1 battleaxe of electrocution
 k - a +0 vampiric spear
 n - a +2 dagger of venom (melded)
Missiles
 y - 2 large rocks
Armour
 a - a +0 animal skin
 l - a +0 cloak
 x - +0 acid dragon scales (worn)
Jewellery
 v - the amulet "Tutemin" (around neck) {Reflect Fly Will+ rCorr SH+5}
   (You acquired it on level 6 of the Dungeon)

   [amulet of reflection]

   Reflect:   It reflects blocked missile attacks.
   Will+:     It increases your willpower.
   Fly:       It grants you flight.
   rCorr:     It protects you from acid and corrosion.
   SH+5:      It affects your SH (+5).
 w - an amulet of faith
Talismans
 c - a beast talisman
 d - a flux talisman (active)
 i - a storm talisman
Wands
 h - a wand of paralysis (9)
 o - a wand of digging (2)
 q - a wand of polymorph (15)
Scrolls
 f - 3 scrolls of enchant weapon
 g - a scroll of immolation
 j - 2 scrolls of noise
 u - a scroll of poison
Potions
 e - a potion of enlightenment
 B - a potion of brilliance


   Skills:
 - Level 1.3 Fighting
 - Level 1.7 Dodging
 - Level 3.1 Unarmed Combat
 - Level 1.4 Spellcasting
 + Level 12.1 Shapeshifting


You had 10 spell levels left.
You didn't know any spells.
Your spell library contained the following spells:

 Spells                   Type           Power      Damage    Failure   Level
 Necrotise                Necr           0%         1d4       36%         1
 Cigotuvi's Dreadful Rot  Necr/Pois/Air  0%         N/A       52%         2
 Sublimation of Blood     Necr           0%         N/A       52%         2
 Dazzling Flash           Conj/Hex       0%         N/A       75%         3
 Gell's Gravitas          Tloc           0%         N/A       75%         3
 Teleport Other           Tloc           0%         N/A       75%         3
 Animate Dead             Necr           0%         N/A       98%         4
 Agony                    Necr           0%         N/A       100%        5
 Silence                  Hex/Air        0%         N/A       100%        5
 Dispersal                Tloc           0%         N/A       100%        6


Dungeon Overview and Level Annotations

Branches:
Dungeon (7/15)             Temple (0/1) D:6           Sewer (visited)

Altars:
Cheibriados
Fedhas
Gozag
Kikubaaqudgha
Sif Muna
Wu Jian

Shops:
D:3 (

Annotations:
D:3 2 transporters, Lysca's ghost, amateur DECj
D:5 2 transporters, Wurlitzer's ghost, novice HuCA


Innate Abilities, Weirdness & Mutations

You are something dangerously unstable.
You glow with magical radiation, making you easy to see and hit.
Foes you strike become dangerously contaminated with magical radiation.
You are incapable of wielding weapons or throwing items.
You are too large for most types of armour.
You have tough skin. (AC +1)
Your flesh is heat resistant. (rF+)
You are weak. (Str -2)


Message History

Unknown command.
You hit the kobold demonologist.
The kobold demonologist begins to glow.
The kobold demonologist is lightly wounded.
The kobold demonologist hits you but does no damage.
The white imp gestures at you. The puff of frost hits you.
The sun demon barely misses you.
Unknown command.
Okay, then.
You barely miss the kobold demonologist.
The kobold demonologist is lightly wounded.
The sun demon closely misses you.
The kobold demonologist closely misses you.
Unknown command.
You hit the kobold demonologist.
The kobold demonologist glows dangerously bright.
The kobold demonologist is lightly wounded.
The sun demon hits you!!
You are engulfed in flames!
You resist.
The kobold demonologist mumbles some strange words.
The white imp gestures at you. The puff of frost hits you.
* * * LOW HITPOINT WARNING * * *
Unknown command.
You hit the kobold demonologist.
The kobold demonologist shudders as magic cascades through it!
The kobold demonologist twists and deforms.
The kobold demonologist is heavily wounded.
The sun demon hits you.
* * * LOW HITPOINT WARNING * * *
You are engulfed in flames!
You resist.
* * * LOW HITPOINT WARNING * * *
The kobold demonologist casts a spell.
The white imp barely misses you.
The white imp grinds its teeth.
You block the white imp's attack.
Unknown command.
You closely miss the kobold demonologist.
The kobold demonologist is heavily wounded.
The sun demon hits you!
You die...
Kikubaaqudgha rasps: "You have failed me!
Welcome... death!"

##.......######.....##...
.............#.........#
..##...................##
. #.................†...#
........##..............##
..5...............†..#...#
..................)..##.##
#..............3......###
###o...........fB55...##
.............53K##...#
...........##54....#
...........##.....?..#
......##.#........?.#
...?.. f.3........###
..... .............#
#......#.....##...## #...
..#...... ..##


You could see a sun demon (summoned), a kobold demonologist (misshapen), a
ynoxinul (summoned), a chaos spawn (summoned), a sleepcap, a quasit (summoned)
and 3 white imps.

Vanquished Creatures
  Pikel (D:6)
  A manticore (D:7)
  Prince Ribbit (D:6)
  An acid dragon (D:6)
  A water moccasin (D:6)
  An orc warrior (D:6)
  An ice beast (D:5)
  A black bear (D:5)
  2 ogres (D:6)
  2 kobold brigands (Sewer)
  A scorpion (D:6)
  A bullfrog (D:5)
  A wight (D:6)
  A hound (D:6)
  A jelly (D:6)
  An orc priest (D:5)
  A gnoll bouda (D:5)
  2 iguanas
  8 orc wizards
  3 gnolls (D:5)
  6 river rats
  11 adders
  3 white imps
  2 worms (D:6)
  4 dart slugs
  6 orcs
  8 ball pythons
  7 endoplasms
  6 giant cockroaches
  5 hobgoblins
  6 jackals
  12 quokkas
  2 bats
  7 frilled lizards
  10 goblins
  11 kobolds
  6 rats
144 creatures vanquished.

Vanquished Creatures (collateral kills)
  A water moccasin (D:7)
  A killer bee (D:7)
  An orc wizard (D:5)
  A shadow imp (D:7)
  3 orcs
7 creatures vanquished.

Grand Total: 151 creatures vanquished

Notes
Turn   | Place    | Note
-------+----------+-------------------------------------------
     0 | D:1      | Shayle the Ogre Shapeshifter began the quest for the Orb.
     0 | D:1      | Reached XP level 1. HP: 19/19 MP: 1/1
   131 | D:1      | Reached XP level 2. HP: 19/27 MP: 3/3
   141 | D:1      | Reached skill level 1 in Spellcasting
   851 | D:1      | Reached XP level 3. HP: 33/33 MP: 3/5
   954 | D:2      | Found an ancient bone altar of Kikubaaqudgha.
   990 | D:2      | Became a worshipper of Kikubaaqudgha
  2258 | D:3      | Reached * piety under Kikubaaqudgha
  2258 | D:3      | Received a gift from Kikubaaqudgha
  2304 | D:3      | Reached skill level 4 in Shapeshifting
  2304 | D:3      | Reached XP level 4. HP: 24/41 MP: 6/6
  2412 | D:3      | Found Jakh's Antique Weapon Boutique.
  2470 | D:3      | Identified the +1 halberd of Doom {venom, Will+ Str+4}
  2477 | D:3      | Found a transporter.
  2580 | D:3      | Noticed Lysca's ghost (amateur DECj)
  2606 | D:3      | Found a transporter.
  2654 | D:3      | Found a snail-covered altar of Cheibriados.
  2738 | D:3      | Found an opulent altar of Gozag.
  2752 | D:3      | Found a blossoming altar of Fedhas.
  2968 | D:3      | Found an ornate altar of the Wu Jian Council.
  3304 | D:4      | Reached XP level 5. HP: 46/48 MP: 7/7
  3313 | D:4      | Gained mutation: You are weak. (Str -2) [potion of
                  | mutation]
  3456 | D:4      | Reached skill level 5 in Shapeshifting
  3734 | D:5      | Entered Level 5 of the Dungeon
  4184 | D:5      | Noticed a black bear
  4201 | D:5      | Killed a black bear
  4202 | D:5      | Reached skill level 6 in Shapeshifting
  4202 | D:5      | Reached XP level 6. HP: 26/55 MP: 8/8
  4454 | D:5      | Noticed an ice beast
  4467 | D:5      | Killed an ice beast
  4601 | D:5      | Reached XP level 7. HP: 44/62 MP: 9/9
  4738 | D:5      | Reached skill level 7 in Shapeshifting
  4802 | D:5      | Found a transporter.
  4803 | D:5      | Found a transporter.
  4803 | D:5      | Noticed Wurlitzer's ghost (novice HuCA)
  5453 | D:6      | Found a staircase to the Ecumenical Temple.
  5781 | D:6      | Found a glowing drain.
  5788 | Sewer    | Entered a sewer
  5905 | Sewer    | Reached skill level 8 in Shapeshifting
  5968 | Sewer    | Reached ** piety under Kikubaaqudgha
  6009 | Sewer    | Reached XP level 8. HP: 51/70 MP: 10/10
  6632 | Sewer    | Lost mutation: You are weak. (Str -2) [potion of mutation]
  6632 | Sewer    | Gained mutation: You are weak. (Str -2) [potion of
                  | mutation]
  6632 | Sewer    | Gained mutation: Your flesh is heat resistant. (rF+)
                  | [potion of mutation]
  6969 | D:6      | Noticed Pikel
  7186 | D:6      | Reached skill level 9 in Shapeshifting
  7473 | D:6      | Found a shimmering blue altar of Sif Muna.
  7637 | D:6      | Noticed Prince Ribbit
  7646 | D:6      | Killed Prince Ribbit
  7698 | D:6      | Killed Pikel
  7699 | D:6      | Reached skill level 10 in Shapeshifting
  7699 | D:6      | Reached XP level 9. HP: 38/76 MP: 11/11
  8020 | D:6      | Identified a scroll of acquirement
  8020 | D:6      | Acquired the amulet "Tutemin" {Reflect Fly Will+ rCorr
                  | SH+5}
  8286 | D:6      | Reached skill level 11 in Shapeshifting
  8791 | D:7      | Noticed a kobold demonologist
  8989 | D:7      | Noticed a manticore
  9005 | D:7      | Killed a manticore
  9006 | D:7      | Reached skill level 12 in Shapeshifting
  9011 | D:7      | Noticed a sun demon
  9025 | D:7      | Slain by a sun demon

Illustrated notes

Levels and vault maps discovered:
D:1:      noname_arrival_rooms_in_the_neighbourhood, layout_basic
D:2:      layout_basic, basic_altar
D:3:      layout_loops_ring, nicolae_overflow_quartered_altars,
          gammafunk_ghost_gnarly_gnolls, serial_shops,
          nicolae_shop_pleasant_corner_grove
D:4:      layout_cave_pools
D:5:      layout_loops_corners, gammafunk_ghost_arena
D:6:      layout_loops_ring, kennysheep_orc_sif_temple, temple_green,
          gup_sewer_entry_bubbles, uniq_pikel, uniq_prince_ribbit1
D:7:      layout_cave_pools, serial_bayou_pond_c, minmay_manual_mess

Skill      XL: |  1  2  3  4  5  6  7  8  9 |
---------------+----------------------------+-----
Spellcasting   | 1 |  1.4
Unarmed Combat | 3 |  3.1
Shapeshifting  | 4 6 8 10 12 | 12.1
Fighting       | |  1.3
Dodging        | |  1.7

Action                     |  1- 3 |  4- 6 |  7- 9 || total
---------------------------+-------+-------+-------++-------
  Melee: Unarmed           |    64 |    18 |   302 ||   384
         Punch             |     2 |     5 |       ||     7
         Spear             |    65 |    39 |       ||   104
         Dagger            |       |    53 |    13 ||    66
  Evoke: Wand              |       |     1 |     2 ||     3
    Use: Scroll            |     3 |     8 |     8 ||    19
         Potion            |       |     3 |    10 ||    13
   Stab: Paralysed         |       |     4 |     8 ||    12
 Armour: Animal skin       |    79 |    84 |   178 ||   341
         Skin              |       |    22 |    13 ||    35
         Acid dragon scale |       |       |    51 ||    51
  Dodge: Dodged            |    57 |    33 |    95 ||   185
  Block: Other             |       |       |    21 ||    21
         Reflection        |       |       |     1 ||     1
   Form: Flux              |       |     1 |       ||     1

Table legend: (Time is in decaauts)
 A = Elapsed time spent in this place.
 B = Non-inter-level travel time spent in this place.
 C = Inter-level travel time spent in this place.
 D = Time resting spent in this place.
 E = Time spent auto-exploring this place.
 F = Levels seen in this place.
 G = Mean time per level.
                   A        B        C        D        E       F      G
               +--------+--------+--------+--------+--------+-----+--------+
         Total |   9013 |   8643 |    370 |   2216 |   4370 |   8 | 1126.6 |
       Dungeon |   8001 |   7631 |    370 |   1985 |   3985 |   7 | 1143.0 |
         Sewer |   1012 |   1012 |      0 |    231 |    385 |   1 | 1012.0 |
               +--------+--------+--------+--------+--------+-----+--------+

Top non-repeatable levels by time:
     D:6: 2098 daAuts
     D:5: 1905 daAuts
     D:2: 1160 daAuts
   Sewer: 1012 daAuts
     D:3: 974 daAuts
     D:1: 918 daAuts
     D:4: 687 daAuts
     D:7: 257 daAuts
